Flames vs Rangers
(R1)
Created - December 9, 2018 at 19:39
Goals
|
| Flames |
1 |
0 |
1 |
2 |
| Rangers |
0 |
1 |
5 |
6 |
|
Shots
|
| Flames |
7 |
8 |
10 |
25 |
| Rangers |
9 |
7 |
16 |
32 |
|
1st period
1. Flames , Mikhail Grabovski 3 (Kyle Palmieri 1, Jonathan Ferland 3) at 17:47
Penalties :
David Backes (Cal) for Hooking (Minor) at 8:08, James Neal (NYR) for Cross-checking (Minor) at 12:57
2nd period
2. Rangers , Milan Lucic 15 (Patrice Bergeron 19, Jakob Silfverberg 23) at 8:42 (PP)
Penalties :
Jordin Tootoo (Cal) for High sticking (Minor) at 1:24, Tom Poti (Cal) for Hooking (Minor) at 3:51, Steve Eminger (Cal) for Hooking (Minor) at 7:46, Chris Bourque (NYR) for High sticking (Minor) at 9:44, Eric Staal (Cal) for Holding (Minor) at 14:10, Ryan Suter (NYR) for Slashing (Minor) at 18:21, Matt Read (NYR) for Holding (Minor) at 18:45
3rd period
3. Rangers , Cam Barker 4 (Alex Tanguay 9) at 2:09 (PP)
4. Rangers , Stephen Weiss 12 (Gustav Nyquist 9, Matt Read 9) at 3:07
5. Rangers , Jakob Silfverberg 15 (Milan Lucic 25, Patrice Bergeron 20) at 6:17 (PP)
6. Rangers , Patrice Bergeron 17 (Cam Barker 14, Jakob Silfverberg 24) at 6:47 (PP)
7. Rangers , Alex Tanguay 8 (James Neal 7, Sean Couturier 13) at 14:31
8. Flames , David Backes 10 (Eric Staal 12) at 15:13 (PP)
Penalties :
David Backes (Cal) for Tripping (Minor) at 1:38, Brad Marchand (Cal) for Interference (Minor) at 6:06, Eric Staal (Cal) for Slashing (Minor) at 6:30, Ryan Suter (NYR) for Fighting (Major) at 9:35, Brad Marchand (Cal) for Fighting (Major) at 9:35, Milan Lucic (NYR) for Holding (Minor) at 12:19, James Neal (NYR) for High sticking (Minor) at 15:08, Jakob Silfverberg (NYR) for Holding (Minor) at 15:52
Goalie Stats
Pekka Rinne (Cal), 26 saves from 32 shots - (0.813), L, 6-9-0, 60:00 minutes
Frederik Andersen (NYR), 23 saves from 25 shots - (0.920), W, 11-7-2, 60:00 minutes
Players Stats for Flames
Player Name G A P +/- PIM S H SB GA TA FO MP PP MP PK MP
------------------------------------------------------------------------------------
Brad Marchand 0 0 0 0 7 1 1 1 0 0 2/2 21:34 4:32 4:37
Brendan Mikkelson 0 0 0 0 0 0 0 0 0 0 0/0 12:41 0:00 3:30
Colin Wilson 0 0 0 0 0 4 3 0 0 0 5/9 8:55 0:00 0:22
David Backes 1 0 1 0 4 3 4 0 0 0 0/0 19:20 5:28 0:00
David Ullstrom 0 0 0 -2 0 1 1 1 1 0 0/2 15:27 4:21 0:00
Derek Meech 0 0 0 0 0 1 1 3 0 0 0/0 24:09 4:17 6:21
Eric Staal 0 1 1 0 4 3 0 1 1 0 14/36 22:44 5:30 3:22
Erik Johnson 0 0 0 -1 0 0 4 1 1 1 0/0 24:30 6:07 1:20
Jonathan Ferland 0 1 1 1 0 2 1 0 0 0 2/2 7:39 0:00 2:07
Jordin Tootoo 0 0 0 -2 2 1 3 0 0 0 0/3 20:33 4:39 3:38
Kyle Palmieri 0 1 1 1 0 0 1 0 0 0 0/0 6:40 0:38 0:00
Mikhail Grabovski 1 0 1 1 0 2 0 0 1 1 2/5 11:35 0:33 4:50
Patrik Berglund 0 0 0 -2 0 1 1 0 0 0 8/13 15:34 4:21 0:00
Peter Prucha 0 0 0 0 0 2 0 0 0 0 0/1 8:33 0:00 0:00
Sami Vatanen 0 0 0 -1 0 1 0 3 0 0 0/0 23:10 6:07 0:00
Steve Eminger 0 0 0 0 2 1 1 0 0 1 0/0 17:53 0:00 5:38
Steve Regier 0 0 0 0 0 2 0 0 2 1 0/0 11:19 1:10 0:46
Tom Poti 0 0 0 0 2 0 1 5 0 0 0/0 17:44 4:17 2:53
Players Stats for Rangers
Player Name G A P +/- PIM S H SB GA TA FO MP PP MP PK MP
------------------------------------------------------------------------------------
Alex Tanguay 1 1 2 0 0 3 3 0 1 0 1/2 17:22 3:52 1:51
Alexei Emelin 0 0 0 0 0 0 2 1 1 0 0/0 14:30 0:00 4:11
Artem Anisimov 0 0 0 0 0 2 0 0 0 0 2/2 7:22 0:00 0:00
Cam Barker 1 1 2 0 0 3 1 1 0 0 0/0 31:17 6:39 6:13
Chris Bourque 0 0 0 0 2 3 2 0 0 0 0/1 8:10 0:17 0:00
Colten Teubert 0 0 0 1 0 0 0 1 0 1 0/0 10:22 0:00 0:00
Gustav Nyquist 0 1 1 1 0 1 4 0 0 0 2/3 10:12 0:17 3:09
Jakob Silfverberg 1 2 3 0 2 7 1 0 1 0 0/0 21:22 5:42 1:36
James Neal 0 1 1 0 4 0 0 1 0 1 0/0 15:04 3:52 0:00
Magnus Paajarvi-Svensson 0 0 0 0 0 1 2 0 0 0 1/1 8:01 0:17 0:00
Mark Fistric 0 0 0 1 0 1 1 1 0 1 0/0 21:07 3:12 6:13
Matt Greene 0 0 0 1 0 0 1 2 0 0 0/0 16:19 0:00 4:11
Matt Read 0 1 1 1 2 0 0 0 1 1 0/0 18:03 6:39 4:34
Milan Lucic 1 1 2 0 2 5 3 1 0 0 2/3 19:47 5:42 0:00
Patrice Bergeron 1 2 3 0 0 2 2 0 0 1 18/34 22:10 5:42 2:23
Ryan Suter 0 0 0 -1 7 1 1 4 0 0 0/0 15:58 0:00 0:10
Sean Couturier 0 1 1 0 0 1 2 2 0 1 8/17 15:41 3:52 0:35
Stephen Weiss 1 0 1 1 0 2 0 1 0 0 6/10 15:06 3:12 4:54
3 Stars
1 - Patrice Bergeron (NYR)
2 - Alex Tanguay (NYR)
3 - Jakob Silfverberg (NYR)
Power Play
Flames - 1 on 7 Attempt(s) - 14.29%
Rangers - 4 on 8 Attempt(s) - 50.00%
Penalty Kill
Flames - 4 on 8 Attempt(s) - 50.00%
- Score 0 goal in Penalty Kill
Rangers - 6 on 7 Attempt(s) - 85.71%
- Score 0 goal in Penalty Kill
Team Stat
Flames - Hits : 22 - Faceoff Wins : 33 - Blocked Shots : 15 - Penalty Minutes : 21
Rangers - Hits : 25 - Faceoff Wins : 40 - Blocked Shots : 15 - Penalty Minutes : 19
Official
Referees : Unknown
Linesman : Unknown
Game Notes
Ryan Suter and Brad Marchand fight to a draw at 9:35 of 3rd period
Finance
Level 1 -- Attendance: 4325 (72.08%) -- Ticket Income $410,875
Level 2 -- Attendance: 4050 (81.00%) -- Ticket Income $243,000
Level 3 -- Attendance: 1749 (87.45%) -- Ticket Income $61,215
Level 4 -- Attendance: 4000 (100.00%) -- Ticket Income $100,000
Luxury Box -- Attendance: 750 (75.00%) -- Ticket Income $135,000
Game was played at the Madison Square Garden.
Total Attendance: 14874 (82.63%)
Total Ticket Income: $950,090
Other Income: $142,514
Total Income: $1,092,604
Flames
5 vs 5 Forward
Center Left Wing Right Wing Time % Phy DF OF
1 Eric Staal Brad Marchand David Backes 40 0 1 4
2 Patrik Berglund David Ullstrom Jordin Tootoo 33 0 1 4
3 Colin Wilson Steve Regier Peter Prucha 19 0 1 4
4 Mikhail Grabovski Kyle Palmieri Jonathan Ferland 8 0 4 1
5 vs 5 Defense
Defense Defense Time % Phy DF OF
1 Erik Johnson Sami Vatanen 38 1 2 2
2 Derek Meech Steve Eminger 29 1 2 2
3 Brendan Mikkelson Tom Poti 23 1 2 2
4 Derek Meech Steve Eminger 10 1 2 2
PowerPlay Forward
Center Left Wing Right Wing Time % Phy DF OF
1 Eric Staal Brad Marchand David Backes 60 1 0 4
2 Patrik Berglund David Ullstrom Jordin Tootoo 40 1 0 4
PowerPlay Defense
Defense Defense Time % Phy DF OF
1 Erik Johnson Sami Vatanen 60 1 1 3
2 Derek Meech Tom Poti 40 1 1 3
Penalty Kill 4 Players Forward
Center Wing Time % Phy DF OF
1 Mikhail Grabovski Jordin Tootoo 50 1 3 1
2 Eric Staal Brad Marchand 50 1 3 1
Penalty Kill 4 Players Defense
Defense Defense Time % Phy DF OF
1 Derek Meech Steve Eminger 58 1 3 1
2 Brendan Mikkelson Tom Poti 42 1 3 1
Penalty Kill - 3 Players Forward
Forward Time % Phy DF OF
1 Eric Staal 50 1 3 1
2 David Backes 50 1 3 1
Penalty Kill - 3 Players Defense
Defense Defense Time % Phy DF OF
1 Derek Meech Steve Eminger 58 1 3 1
2 Brendan Mikkelson Tom Poti 42 1 3 1
4 vs 4 Forward
Center Wing Time % Phy DF OF
1 Eric Staal David Backes 60 1 2 2
2 Patrik Berglund Jordin Tootoo 40 1 2 2
4 vs 4 Defense
Defense Defense Time % Phy DF OF
1 Erik Johnson Sami Vatanen 60 1 2 2
2 Derek Meech Steve Eminger 40 1 2 2
Last Minutes Offensive
Center Left Wing Right Wing Defense Defense
Eric Staal Brad Marchand David Backes Erik Johnson Sami Vatanen
Last Minutes Defensive
Center Left Wing Right Wing Defense Defense
Eric Staal Brad Marchand David Backes Derek Meech Steve Eminger
Goaltenders
Starting : Pekka Rinne
Backup : Jonas Gustavsson
Extra Forwards
Normal : Brad Marchand, Jordin Tootoo, Patrik Berglund - PP : Jordin Tootoo, Brad Marchand - PK : Jonathan Ferland
Extra Defensemen
Normal : Derek Meech, Steve Eminger, Brendan Mikkelson - PP : Derek Meech - PK : Erik Johnson, Brendan Mikkelson
Penalty Shots
Eric Staal, Brad Marchand, David Backes, Steve Regier, Patrik Berglund
Scratches
Alexander Semin (Broken Right Thumb Injury)
Rangers
5 vs 5 Forward
Center Left Wing Right Wing Time % Phy DF OF
1 Patrice Bergeron Milan Lucic Jakob Silfverberg 40 1 2 2
2 Sean Couturier Alex Tanguay James Neal 30 1 2 2
3 Stephen Weiss Matt Read Gustav Nyquist 20 1 2 2
4 Artem Anisimov Chris Bourque Magnus Paajarvi-Svensson 10 1 2 2
5 vs 5 Defense
Defense Defense Time % Phy DF OF
1 Cam Barker Ryan Suter 40 1 2 2
2 Matt Greene Mark Fistric 30 1 2 2
3 Colten Teubert Alexei Emelin 20 1 2 2
4 Cam Barker Ryan Suter 10 1 2 2
PowerPlay Forward
Center Left Wing Right Wing Time % Phy DF OF
1 Patrice Bergeron Milan Lucic Jakob Silfverberg 60 1 2 2
2 Sean Couturier Alex Tanguay James Neal 40 1 2 2
PowerPlay Defense
Defense Defense Time % Phy DF OF
1 Cam Barker Matt Read 60 1 2 2
2 Mark Fistric Stephen Weiss 40 1 2 2
Penalty Kill 4 Players Forward
Center Wing Time % Phy DF OF
1 Stephen Weiss Matt Read 60 1 2 2
2 Patrice Bergeron Jakob Silfverberg 40 1 2 2
Penalty Kill 4 Players Defense
Defense Defense Time % Phy DF OF
1 Cam Barker Mark Fistric 60 1 2 2
2 Matt Greene Alexei Emelin 40 1 2 2
Penalty Kill - 3 Players Forward
Forward Time % Phy DF OF
1 Matt Read 60 1 2 2
2 Patrice Bergeron 40 1 2 2
Penalty Kill - 3 Players Defense
Defense Defense Time % Phy DF OF
1 Cam Barker Mark Fistric 60 1 2 2
2 Matt Greene Alexei Emelin 40 1 2 2
4 vs 4 Forward
Center Wing Time % Phy DF OF
1 Milan Lucic Patrice Bergeron 60 1 2 2
2 Jakob Silfverberg Stephen Weiss 40 1 2 2
4 vs 4 Defense
Defense Defense Time % Phy DF OF
1 Cam Barker Ryan Suter 60 1 2 2
2 Matt Greene Mark Fistric 40 1 2 2
Last Minutes Offensive
Center Left Wing Right Wing Defense Defense
Patrice Bergeron Milan Lucic Jakob Silfverberg Cam Barker James Neal
Last Minutes Defensive
Center Left Wing Right Wing Defense Defense
Patrice Bergeron Milan Lucic Sean Couturier Cam Barker Mark Fistric
Goaltenders
Starting : Frederik Andersen
Backup : Braden Holtby
Extra Forwards
Normal : Chris Bourque, Sean Couturier, Gustav Nyquist - PP : Chris Bourque, Sean Couturier - PK : Gustav Nyquist
Extra Defensemen
Normal : Colten Teubert, Cam Barker, Matt Greene - PP : Colten Teubert - PK : Cam Barker, Matt Greene
Penalty Shots
Milan Lucic, Patrice Bergeron, Jakob Silfverberg, Stephen Weiss, James Neal
Scratches
None
% Time on Ice - Flames
Lines # - Real PCT - Wanted PCT - Time Play
Normal Forward
1 - 37% - 40% - 14:35
2 - 28% - 33% - 11:06
3 - 22% - 19% - 8:33
4 - 14% - 8% - 5:31
Normal Defense
1 - 43% - 38% - 17:16
2 - 32% - 29% - 12:36
3 - 22% - 23% - 8:43
4 - 3% - 10% - 1:10
PP Forward
1 - 58% - 60% - 6:03
2 - 42% - 40% - 4:21
PP Defense
1 - 59% - 60% - 6:07
2 - 41% - 40% - 4:17
PK Forward
1 - 51% - 50% - 5:04
2 - 49% - 50% - 4:47
PK Defense
1 - 64% - 58% - 6:21
2 - 36% - 42% - 3:30
PK3 Forward
1 - 0% - 50%
2 - 0% - 50%
PK3 Defense
1 - 0% - 58%
2 - 0% - 42%
44 Forward
1 - 0% - 60%
2 - 0% - 40%
44 Defense
1 - 0% - 60%
2 - 0% - 40%
Last Minute Offensive - 0:00
Last Minute Defensive - 0:00
Total
Forward - 60:00
Defense - 60:00
|
% Time on Ice - Rangers
Lines # - Real PCT - Wanted PCT - Time Play
Normal Forward
1 - 37% - 40% - 14:46
2 - 28% - 30% - 11:14
3 - 16% - 20% - 6:23
4 - 19% - 10% - 7:22
Normal Defense
1 - 44% - 40% - 17:31
2 - 31% - 30% - 12:22
3 - 23% - 20% - 8:58
4 - 2% - 10% - 0:54
PP Forward
1 - 61% - 60% - 5:59
2 - 39% - 40% - 3:52
PP Defense
1 - 68% - 60% - 6:39
2 - 32% - 40% - 3:12
PK Forward
1 - 73% - 60% - 6:26
2 - 27% - 40% - 2:23
PK Defense
1 - 56% - 60% - 4:56
2 - 44% - 40% - 3:53
PK3 Forward
1 - 100% - 60% - 1:35
2 - 0% - 40% - 0:00
PK3 Defense
1 - 81% - 60% - 1:17
2 - 19% - 40% - 0:18
44 Forward
1 - 0% - 60%
2 - 0% - 40%
44 Defense
1 - 0% - 60%
2 - 0% - 40%
Last Minute Offensive - 0:00
Last Minute Defensive - 0:00
Total
Forward - 60:00
Defense - 60:00
|
Play by Play
1st period
0:01 of 1st period - Patrice Bergeron wins face-off versus Eric Staal in neutral zone.
0:38 of 1st period - Wrist shot by Jordin Tootoo.
0:38 of 1st period - Shot Misses the Net.
3:24 of 1st period - Snap shot by Milan Lucic.
3:24 of 1st period - Shot Misses the Net.
3:26 of 1st period - Snap shot by Milan Lucic.
3:26 of 1st period - Stopped by Pekka Rinne without a rebound.
3:27 of 1st period - Sean Couturier wins face-off versus Jordin Tootoo in Flames zone.
3:37 of 1st period - David Ullstrom is hit by Alex Tanguay and loses puck.
4:39 of 1st period - Wrist shot by Alex Tanguay.
4:39 of 1st period - Stopped by Pekka Rinne without a rebound.
4:40 of 1st period - Sean Couturier wins face-off versus Patrik Berglund in Flames zone.
4:51 of 1st period - Slapshot by Alex Tanguay.
4:51 of 1st period - Stopped by Pekka Rinne without a rebound.
4:52 of 1st period - Patrik Berglund wins face-off versus Sean Couturier in Flames zone.
5:07 of 1st period - Snap shot by Patrik Berglund.
5:07 of 1st period - Shot Blocked by Ryan Suter.
5:29 of 1st period - Snap shot by Colin Wilson.
5:29 of 1st period - Stopped by Frederik Andersen with a rebound.
5:31 of 1st period - Wrist shot by Colin Wilson.
5:31 of 1st period - Stopped by Frederik Andersen with a rebound.
5:45 of 1st period - Snap shot by Cam Barker.
5:45 of 1st period - Deflect By Chris Bourque.
5:45 of 1st period - Stopped by Pekka Rinne without a rebound.
5:46 of 1st period - Artem Anisimov wins face-off versus Eric Staal in Flames zone.
6:19 of 1st period - Slapshot by Patrik Berglund.
6:19 of 1st period - Shot Misses the Net.
6:21 of 1st period - Slapshot by David Ullstrom.
6:21 of 1st period - Shot Blocked by Colten Teubert.
6:23 of 1st period - Backhand shot by Jordin Tootoo.
6:23 of 1st period - Shot Misses the Net.
6:52 of 1st period - Off-side.
6:53 of 1st period - Jonathan Ferland wins face-off versus Stephen Weiss in neutral zone.
6:58 of 1st period - Slapshot by Jonathan Ferland.
6:58 of 1st period - Stopped by Frederik Andersen with a rebound.
7:20 of 1st period - Steve Eminger is hit by Alex Tanguay and loses puck.
7:29 of 1st period - Slapshot by David Backes.
7:29 of 1st period - Stopped by Frederik Andersen without a rebound.
7:30 of 1st period - Patrice Bergeron wins face-off versus Patrik Berglund in Rangers zone.
7:41 of 1st period - Snap shot by Jakob Silfverberg.
7:41 of 1st period - Stopped by Pekka Rinne without a rebound.
7:42 of 1st period - Eric Staal wins face-off versus Sean Couturier in Flames zone.
7:42 of 1st period - Eric Staal is hit by Sean Couturier.
7:50 of 1st period - Icing by James Neal.
7:51 of 1st period - Sean Couturier wins face-off versus Eric Staal in Rangers zone.
7:51 of 1st period - Sean Couturier is hit by David Backes.
8:04 of 1st period - Cam Barker is hit by David Backes and loses puck.
8:08 of 1st period - Minor Penalty to David Backes for Hooking.
8:09 of 1st period - Patrice Bergeron wins face-off versus Mikhail Grabovski in Flames zone.
8:36 of 1st period - James Neal is hit by Jordin Tootoo and loses puck.
9:49 of 1st period - Milan Lucic is hit by Jordin Tootoo and loses puck.
10:08 of 1st period - Penalty to David Backes is over, David Backes is back on ice.
10:11 of 1st period - Icing by Gustav Nyquist.
10:12 of 1st period - Magnus Paajarvi-Svensson wins face-off versus Colin Wilson in Rangers zone.
10:23 of 1st period - Wrist shot by Magnus Paajarvi-Svensson.
10:23 of 1st period - Stopped by Pekka Rinne with a rebound.
10:37 of 1st period - Matt Read is hit by Brad Marchand and loses puck.
10:52 of 1st period - Jordin Tootoo is hit by Alexei Emelin and loses puck.
11:15 of 1st period - Wrist shot by Jonathan Ferland.
11:15 of 1st period - Stopped by Frederik Andersen with a rebound.
11:17 of 1st period - Slapshot by Brendan Mikkelson.
11:17 of 1st period - Shot Blocked by Sean Couturier.
11:19 of 1st period - Slapshot by Tom Poti.
11:19 of 1st period - Shot Misses the Net.
12:21 of 1st period - Mikhail Grabovski is hit by Chris Bourque.
12:45 of 1st period - Slapshot by James Neal.
12:45 of 1st period - Shot Blocked by Erik Johnson.
12:51 of 1st period - Wrist shot by David Backes.
12:51 of 1st period - Shot Blocked by Ryan Suter.
12:57 of 1st period - Minor Penalty to James Neal for Cross-checking.
12:58 of 1st period - Stephen Weiss wins face-off versus Eric Staal in Rangers zone.
14:57 of 1st period - Penalty to James Neal is over, James Neal is back on ice.
15:10 of 1st period - Wrist shot by Chris Bourque.
15:10 of 1st period - Deflect By Artem Anisimov.
15:10 of 1st period - Stopped by Pekka Rinne with a rebound.
15:12 of 1st period - Slapshot by Mark Fistric.
15:12 of 1st period - Deflect By Tom Poti.
15:12 of 1st period - Stopped by Pekka Rinne without a rebound.
15:13 of 1st period - Colin Wilson wins face-off versus Patrice Bergeron in Flames zone.
15:49 of 1st period - Kyle Palmieri is hit by Alex Tanguay and loses puck.
16:01 of 1st period - Mikhail Grabovski is hit by Cam Barker and loses puck.
16:22 of 1st period - Alex Tanguay is hit by Erik Johnson and loses puck.
16:41 of 1st period - Snap shot by Kyle Palmieri.
16:41 of 1st period - Shot Blocked by Cam Barker.
16:43 of 1st period - Snap shot by Mikhail Grabovski.
16:43 of 1st period - Shot Blocked by James Neal.
17:18 of 1st period - Sean Couturier is hit by Steve Eminger and loses puck.
17:47 of 1st period - Snap shot by Mikhail Grabovski.
17:47 of 1st period - Goal by Mikhail Grabovski - Flames : 1 - Rangers : 0.
17:48 of 1st period - Patrik Berglund wins face-off versus Patrice Bergeron in neutral zone.
18:05 of 1st period - Icing by Jakob Silfverberg.
18:06 of 1st period - Eric Staal wins face-off versus Patrice Bergeron in Rangers zone.
18:07 of 1st period - Wrist shot by David Backes.
18:07 of 1st period - Shot Misses the Net.
18:09 of 1st period - Wrist shot by Brad Marchand.
18:09 of 1st period - Stopped by Frederik Andersen with a rebound.
18:11 of 1st period - Snap shot by Brad Marchand.
18:11 of 1st period - Shot Misses the Net.
18:13 of 1st period - Slapshot by Erik Johnson.
18:13 of 1st period - Deflect By Eric Staal.
18:13 of 1st period - Shot Blocked by Matt Greene.
18:13 of 1st period - Puck is out of play.
18:14 of 1st period - Eric Staal wins face-off versus Milan Lucic in Rangers zone.
18:27 of 1st period - Brad Marchand is hit by Milan Lucic.
18:55 of 1st period - Snap shot by Milan Lucic.
18:55 of 1st period - Deflect By Jakob Silfverberg.
18:55 of 1st period - Stopped by Pekka Rinne without a rebound.
18:56 of 1st period - Patrik Berglund wins face-off versus Stephen Weiss in Flames zone.
Goals for this period are 1 for Flames vs 0 for Rangers.
Shots for this period are 7 for Flames vs 9 for Rangers.
2nd period
0:01 of 2nd period - Patrik Berglund wins face-off versus Patrice Bergeron in neutral zone.
0:06 of 2nd period - Snap shot by Patrik Berglund.
0:06 of 2nd period - Stopped by Frederik Andersen with a rebound.
0:32 of 2nd period - Snap shot by David Backes.
0:32 of 2nd period - Stopped by Frederik Andersen with a rebound.
1:24 of 2nd period - Minor Penalty to Jordin Tootoo for High sticking.
1:25 of 2nd period - Patrice Bergeron wins face-off versus Eric Staal in Flames zone.
1:26 of 2nd period - Snap shot by Milan Lucic.
1:26 of 2nd period - Shot Misses the Net.
3:24 of 2nd period - Penalty to Jordin Tootoo is over, Jordin Tootoo is back on ice.
3:36 of 2nd period - Patrik Berglund is hit by Gustav Nyquist and loses puck.
3:51 of 2nd period - Minor Penalty to Tom Poti for Hooking.
3:52 of 2nd period - Eric Staal wins face-off versus Patrice Bergeron in Flames zone.
4:03 of 2nd period - Derek Meech is hit by Patrice Bergeron.
5:45 of 2nd period - Jonathan Ferland is hit by Mark Fistric.
5:51 of 2nd period - Penalty to Tom Poti is over, Tom Poti is back on ice.
5:59 of 2nd period - Slapshot by Chris Bourque.
5:59 of 2nd period - Stopped by Pekka Rinne without a rebound.
6:00 of 2nd period - Colin Wilson wins face-off versus Chris Bourque in Flames zone.
6:00 of 2nd period - Colin Wilson is hit by Magnus Paajarvi-Svensson.
6:38 of 2nd period - Slapshot by Artem Anisimov.
6:38 of 2nd period - Stopped by Pekka Rinne with a rebound.
6:40 of 2nd period - Slapshot by Colten Teubert.
6:40 of 2nd period - Shot Blocked by Tom Poti.
6:46 of 2nd period - Wrist shot by Artem Anisimov.
6:46 of 2nd period - Shot Misses the Net.
6:48 of 2nd period - Snap shot by Chris Bourque.
6:48 of 2nd period - Stopped by Pekka Rinne without a rebound.
6:49 of 2nd period - Patrice Bergeron wins face-off versus Eric Staal in Flames zone.
6:50 of 2nd period - Backhand shot by Milan Lucic.
6:50 of 2nd period - Shot Misses the Net.
7:24 of 2nd period - Snap shot by Stephen Weiss.
7:24 of 2nd period - Deflect By Steve Eminger.
7:24 of 2nd period - Stopped by Pekka Rinne without a rebound.
7:25 of 2nd period - Patrik Berglund wins face-off versus Sean Couturier in Flames zone.
7:32 of 2nd period - Snap shot by James Neal.
7:32 of 2nd period - Shot Blocked by David Ullstrom.
7:46 of 2nd period - Minor Penalty to Steve Eminger for Hooking.
7:47 of 2nd period - Milan Lucic wins face-off versus Eric Staal in Flames zone.
7:50 of 2nd period - Wrist shot by Milan Lucic.
7:50 of 2nd period - Shot Misses the Net.
7:52 of 2nd period - Backhand shot by Patrice Bergeron.
7:52 of 2nd period - Stopped by Pekka Rinne with a rebound.
7:54 of 2nd period - Slapshot by Cam Barker.
7:54 of 2nd period - Deflect By Milan Lucic.
7:54 of 2nd period - Shot Misses the Net.
7:54 of 2nd period - Puck is out of play.
7:55 of 2nd period - Eric Staal wins face-off versus Patrice Bergeron in Flames zone.
8:22 of 2nd period - Snap shot by Milan Lucic.
8:22 of 2nd period - Stopped by Pekka Rinne with a rebound.
8:40 of 2nd period - Slapshot by Milan Lucic.
8:40 of 2nd period - Shot Blocked by Tom Poti.
8:42 of 2nd period - Wrist shot by Milan Lucic.
8:42 of 2nd period - Goal by Milan Lucic - Flames : 1 - Rangers : 1.
8:43 of 2nd period - Eric Staal wins face-off versus Sean Couturier in neutral zone.
8:46 of 2nd period - Snap shot by Brad Marchand.
8:46 of 2nd period - Shot Blocked by Matt Greene.
9:08 of 2nd period - Matt Greene is hit by David Ullstrom.
9:28 of 2nd period - Erik Johnson is hit by Milan Lucic and loses puck.
9:44 of 2nd period - Minor Penalty to Chris Bourque for High sticking.
9:45 of 2nd period - Eric Staal wins face-off versus Stephen Weiss in Rangers zone.
10:51 of 2nd period - Jakob Silfverberg is hit by Jordin Tootoo and loses puck.
11:41 of 2nd period - Stephen Weiss is hit by Tom Poti and loses puck.
11:44 of 2nd period - Penalty to Chris Bourque is over, Chris Bourque is back on ice.
11:53 of 2nd period - Off-side.
11:54 of 2nd period - Patrice Bergeron wins face-off versus Colin Wilson in neutral zone.
12:04 of 2nd period - Off-side.
12:05 of 2nd period - Patrik Berglund wins face-off versus Patrice Bergeron in neutral zone.
12:08 of 2nd period - Wrist shot by Jordin Tootoo.
12:08 of 2nd period - Stopped by Frederik Andersen without a rebound.
12:09 of 2nd period - Patrice Bergeron wins face-off versus Patrik Berglund in Rangers zone.
13:01 of 2nd period - Brendan Mikkelson is hit by Gustav Nyquist and loses puck.
13:18 of 2nd period - Wrist shot by Milan Lucic.
13:18 of 2nd period - Shot Blocked by Tom Poti.
13:40 of 2nd period - Snap shot by Steve Regier.
13:40 of 2nd period - Stopped by Frederik Andersen with a rebound.
13:43 of 2nd period - Icing by Alexei Emelin.
13:44 of 2nd period - Artem Anisimov wins face-off versus Eric Staal in Rangers zone.
13:44 of 2nd period - Artem Anisimov is hit by Erik Johnson.
13:58 of 2nd period - Brad Marchand is hit by Chris Bourque and loses puck.
14:10 of 2nd period - Minor Penalty to Eric Staal for Holding.
14:11 of 2nd period - Jonathan Ferland wins face-off versus Patrice Bergeron in Flames zone.
14:27 of 2nd period - Wrist shot by Milan Lucic.
14:27 of 2nd period - Deflect By Jakob Silfverberg.
14:27 of 2nd period - Shot Blocked by Brad Marchand.
14:27 of 2nd period - Puck is out of play.
14:28 of 2nd period - Sean Couturier wins face-off versus Mikhail Grabovski in Flames zone.
16:10 of 2nd period - Penalty to Eric Staal is over, Eric Staal is back on ice.
16:40 of 2nd period - Alexei Emelin is hit by Colin Wilson and loses puck.
17:01 of 2nd period - Wrist shot by Eric Staal.
17:01 of 2nd period - Shot Blocked by Stephen Weiss.
17:21 of 2nd period - Magnus Paajarvi-Svensson is hit by Kyle Palmieri and loses puck.
17:26 of 2nd period - Slapshot by Mikhail Grabovski.
17:26 of 2nd period - Stopped by Frederik Andersen without a rebound.
17:27 of 2nd period - Colin Wilson wins face-off versus Sean Couturier in Rangers zone.
17:34 of 2nd period - Snap shot by Steve Regier.
17:34 of 2nd period - Shot Blocked by Sean Couturier.
17:36 of 2nd period - Wrist shot by Peter Prucha.
17:36 of 2nd period - Stopped by Frederik Andersen without a rebound.
17:37 of 2nd period - Colin Wilson wins face-off versus Alex Tanguay in Rangers zone.
17:44 of 2nd period - Wrist shot by Colin Wilson.
17:44 of 2nd period - Stopped by Frederik Andersen without a rebound.
17:45 of 2nd period - Patrice Bergeron wins face-off versus Eric Staal in Rangers zone.
17:59 of 2nd period - Off-side.
18:00 of 2nd period - Patrik Berglund wins face-off versus Patrice Bergeron in neutral zone.
18:15 of 2nd period - Wrist shot by Patrik Berglund.
18:15 of 2nd period - Shot Misses the Net.
18:21 of 2nd period - Minor Penalty to Ryan Suter for Slashing.
18:22 of 2nd period - Stephen Weiss wins face-off versus Eric Staal in Rangers zone.
18:22 of 2nd period - Stephen Weiss is hit by Erik Johnson.
18:45 of 2nd period - Minor Penalty to Matt Read for Holding.
18:46 of 2nd period - Eric Staal wins face-off versus Gustav Nyquist in Rangers zone.
18:49 of 2nd period - Slapshot by Eric Staal.
18:49 of 2nd period - Stopped by Frederik Andersen without a rebound.
18:50 of 2nd period - Gustav Nyquist wins face-off versus Eric Staal in Rangers zone.
18:50 of 2nd period - Gustav Nyquist is hit by David Backes.
19:04 of 2nd period - Wrist shot by David Backes.
19:04 of 2nd period - Shot Misses the Net.
19:06 of 2nd period - Slapshot by Sami Vatanen.
19:06 of 2nd period - Shot Misses the Net.
Goals for this period are 0 for Flames vs 1 for Rangers.
Shots for this period are 8 for Flames vs 7 for Rangers.
3rd period
0:01 of 3rd period - Gustav Nyquist wins face-off versus Eric Staal in neutral zone.
0:06 of 3rd period - Snap shot by Gustav Nyquist.
0:06 of 3rd period - Stopped by Pekka Rinne with a rebound.
0:21 of 3rd period - Penalty to Ryan Suter is over, Ryan Suter is back on ice.
0:30 of 3rd period - Wrist shot by David Ullstrom.
0:30 of 3rd period - Stopped by Frederik Andersen without a rebound.
0:31 of 3rd period - Stephen Weiss wins face-off versus Patrik Berglund in Rangers zone.
0:44 of 3rd period - Slapshot by Tom Poti.
0:44 of 3rd period - Shot Blocked by Alexei Emelin.
0:45 of 3rd period - Penalty to Matt Read is over, Matt Read is back on ice.
0:56 of 3rd period - Slapshot by Milan Lucic.
0:56 of 3rd period - Shot Misses the Net.
1:22 of 3rd period - Wrist shot by Chris Bourque.
1:22 of 3rd period - Shot Blocked by Derek Meech.
1:24 of 3rd period - Slapshot by Artem Anisimov.
1:24 of 3rd period - Shot Blocked by Eric Staal.
1:26 of 3rd period - Slapshot by Ryan Suter.
1:26 of 3rd period - Stopped by Pekka Rinne with a rebound.
1:28 of 3rd period - Slapshot by Cam Barker.
1:28 of 3rd period - Stopped by Pekka Rinne with a rebound.
1:38 of 3rd period - Minor Penalty to David Backes for Tripping.
1:39 of 3rd period - Mikhail Grabovski wins face-off versus Patrice Bergeron in Flames zone.
1:54 of 3rd period - Snap shot by Milan Lucic.
1:54 of 3rd period - Shot Misses the Net.
1:56 of 3rd period - Slapshot by Cam Barker.
1:56 of 3rd period - Deflect By Milan Lucic.
1:56 of 3rd period - Shot Blocked by Derek Meech.
1:56 of 3rd period - Puck is out of play.
1:57 of 3rd period - Eric Staal wins face-off versus Sean Couturier in Flames zone.
2:09 of 3rd period - Wrist shot by Cam Barker.
2:09 of 3rd period - Goal by Cam Barker - Flames : 1 - Rangers : 2.
2:10 of 3rd period - Patrice Bergeron wins face-off versus Eric Staal in neutral zone.
2:24 of 3rd period - Backhand shot by Sami Vatanen.
2:24 of 3rd period - Stopped by Frederik Andersen with a rebound.
2:36 of 3rd period - Jordin Tootoo is hit by Gustav Nyquist and loses puck.
2:41 of 3rd period - Backhand shot by Mark Fistric.
2:41 of 3rd period - Deflect By Gustav Nyquist.
2:41 of 3rd period - Shot Misses the Net.
2:41 of 3rd period - Puck is out of play.
2:42 of 3rd period - Stephen Weiss wins face-off versus Jordin Tootoo in Flames zone.
2:49 of 3rd period - Slapshot by Gustav Nyquist.
2:49 of 3rd period - Shot Misses the Net.
3:07 of 3rd period - Snap shot by Stephen Weiss.
3:07 of 3rd period - Goal by Stephen Weiss - Flames : 1 - Rangers : 3.
3:08 of 3rd period - Brad Marchand wins face-off versus Patrice Bergeron in neutral zone.
3:11 of 3rd period - Snap shot by Eric Staal.
3:11 of 3rd period - Shot Blocked by Milan Lucic.
3:34 of 3rd period - David Backes is hit by Gustav Nyquist and loses puck.
3:41 of 3rd period - Slapshot by Stephen Weiss.
3:41 of 3rd period - Shot Misses the Net.
4:30 of 3rd period - Off-side.
4:31 of 3rd period - Patrice Bergeron wins face-off versus David Ullstrom in neutral zone.
4:46 of 3rd period - Derek Meech is hit by Milan Lucic and loses puck.
4:57 of 3rd period - Alex Tanguay is hit by Colin Wilson.
5:01 of 3rd period - Slapshot by Sean Couturier.
5:01 of 3rd period - Stopped by Pekka Rinne without a rebound.
5:02 of 3rd period - Colin Wilson wins face-off versus Sean Couturier in Flames zone.
5:27 of 3rd period - James Neal is hit by Patrik Berglund and loses puck.
5:57 of 3rd period - Off-side.
5:58 of 3rd period - Patrice Bergeron wins face-off versus Eric Staal in neutral zone.
6:06 of 3rd period - Minor Penalty to Brad Marchand for Interference.
6:07 of 3rd period - Mikhail Grabovski wins face-off versus Patrice Bergeron in Flames zone.
6:17 of 3rd period - Slapshot by Jakob Silfverberg.
6:17 of 3rd period - Goal by Jakob Silfverberg - Flames : 1 - Rangers : 4.
6:18 of 3rd period - Patrice Bergeron wins face-off versus Eric Staal in neutral zone.
6:21 of 3rd period - Slapshot by Ryan Suter.
6:21 of 3rd period - Shot Misses the Net.
6:30 of 3rd period - Minor Penalty to Eric Staal for Slashing.
6:31 of 3rd period - Patrice Bergeron wins face-off versus Mikhail Grabovski in Flames zone.
6:43 of 3rd period - Backhand shot by Patrice Bergeron.
6:43 of 3rd period - Shot Blocked by Derek Meech.
6:45 of 3rd period - Slapshot by Cam Barker.
6:45 of 3rd period - Stopped by Pekka Rinne with a rebound.
6:47 of 3rd period - Wrist shot by Patrice Bergeron.
6:47 of 3rd period - Goal by Patrice Bergeron - Flames : 1 - Rangers : 5.
6:48 of 3rd period - Patrice Bergeron wins face-off versus Eric Staal in neutral zone.
6:51 of 3rd period - Slapshot by Ryan Suter.
6:51 of 3rd period - Shot Blocked by Sami Vatanen.
6:59 of 3rd period - Snap shot by Jakob Silfverberg.
6:59 of 3rd period - Shot Misses the Net.
7:01 of 3rd period - Snap shot by Jakob Silfverberg.
7:01 of 3rd period - Shot Misses the Net.
7:03 of 3rd period - Snap shot by Jakob Silfverberg.
7:03 of 3rd period - Stopped by Pekka Rinne without a rebound.
7:04 of 3rd period - Patrik Berglund wins face-off versus Sean Couturier in Flames zone.
7:04 of 3rd period - Patrik Berglund is hit by Ryan Suter.
7:16 of 3rd period - Snap shot by Alex Tanguay.
7:16 of 3rd period - Shot Blocked by Sami Vatanen.
7:18 of 3rd period - Slapshot by Alex Tanguay.
7:18 of 3rd period - Shot Misses the Net.
7:20 of 3rd period - Wrist shot by James Neal.
7:20 of 3rd period - Shot Blocked by Sami Vatanen.
7:30 of 3rd period - Ryan Suter is hit by David Backes and loses puck.
8:04 of 3rd period - Peter Prucha is hit by Matt Greene and loses puck.
8:17 of 3rd period - Steve Regier is hit by Magnus Paajarvi-Svensson and loses puck.
8:39 of 3rd period - Alexei Emelin is hit by Erik Johnson and loses puck.
9:12 of 3rd period - Snap shot by Jakob Silfverberg.
9:12 of 3rd period - Stopped by Pekka Rinne with a rebound.
9:34 of 3rd period - Slapshot by Steve Eminger.
9:34 of 3rd period - Stopped by Frederik Andersen without a rebound.
9:35 of 3rd period - Brad Marchand wins face-off versus Sean Couturier in Rangers zone.
9:35 of 3rd period - Ryan Suter and Brad Marchand fight to a draw.
9:35 of 3rd period - Penalty to Ryan Suter for Fighting.
9:35 of 3rd period - Penalty to Brad Marchand for Fighting.
9:36 of 3rd period - Patrice Bergeron wins face-off versus Eric Staal in Rangers zone.
10:03 of 3rd period - Peter Prucha is hit by Sean Couturier and loses puck.
10:12 of 3rd period - Slapshot by Derek Meech.
10:12 of 3rd period - Deflect By James Neal.
10:12 of 3rd period - Stopped by Frederik Andersen with a rebound.
11:08 of 3rd period - Wrist shot by David Backes.
11:08 of 3rd period - Shot Misses the Net.
11:14 of 3rd period - David Backes is hit by Jakob Silfverberg and loses puck.
11:29 of 3rd period - Alexei Emelin is hit by Jonathan Ferland and loses puck.
11:50 of 3rd period - Jordin Tootoo is hit by Alexei Emelin and loses puck.
12:07 of 3rd period - Snap shot by Steve Regier.
12:07 of 3rd period - Shot Blocked by Mark Fistric.
12:14 of 3rd period - Wrist shot by Peter Prucha.
12:14 of 3rd period - Stopped by Frederik Andersen without a rebound.
12:15 of 3rd period - Eric Staal wins face-off versus Patrice Bergeron in Rangers zone.
12:19 of 3rd period - Minor Penalty to Milan Lucic for Holding.
12:20 of 3rd period - Stephen Weiss wins face-off versus Eric Staal in Rangers zone.
14:08 of 3rd period - Tom Poti is hit by Patrice Bergeron and loses puck.
14:19 of 3rd period - Penalty to Milan Lucic is over, Milan Lucic is back on ice.
14:23 of 3rd period - Snap shot by James Neal.
14:23 of 3rd period - Deflect By Alex Tanguay.
14:23 of 3rd period - Shot Blocked by Tom Poti.
14:23 of 3rd period - Puck is out of play.
14:24 of 3rd period - Sean Couturier wins face-off versus David Ullstrom in Flames zone.
14:31 of 3rd period - Wrist shot by Alex Tanguay.
14:31 of 3rd period - Goal by Alex Tanguay - Flames : 1 - Rangers : 6.
14:32 of 3rd period - Milan Lucic wins face-off versus Eric Staal in neutral zone.
14:39 of 3rd period - Snap shot by Jakob Silfverberg.
14:39 of 3rd period - Stopped by Pekka Rinne without a rebound.
14:40 of 3rd period - Patrice Bergeron wins face-off versus Eric Staal in Flames zone.
15:05 of 3rd period - Wrist shot by Eric Staal.
15:05 of 3rd period - Stopped by Frederik Andersen without a rebound.
15:06 of 3rd period - Sean Couturier wins face-off versus Colin Wilson in Rangers zone.
15:08 of 3rd period - Minor Penalty to James Neal for High sticking.
15:09 of 3rd period - Eric Staal wins face-off versus Stephen Weiss in Rangers zone.
15:13 of 3rd period - Slapshot by David Backes.
15:13 of 3rd period - Goal by David Backes - Flames : 2 - Rangers : 6.
15:14 of 3rd period - Eric Staal wins face-off versus Patrice Bergeron in neutral zone.
15:21 of 3rd period - Snap shot by Eric Staal.
15:21 of 3rd period - Stopped by Frederik Andersen without a rebound.
15:22 of 3rd period - Eric Staal wins face-off versus Patrice Bergeron in Rangers zone.
15:52 of 3rd period - Minor Penalty to Jakob Silfverberg for Holding.
15:53 of 3rd period - Stephen Weiss wins face-off versus Jordin Tootoo in Rangers zone.
17:52 of 3rd period - Penalty to Jakob Silfverberg is over, Jakob Silfverberg is back on ice.
18:02 of 3rd period - Magnus Paajarvi-Svensson is hit by Derek Meech and loses puck.
18:09 of 3rd period - Artem Anisimov is hit by Colin Wilson and loses puck.
18:24 of 3rd period - Wrist shot by Jonathan Ferland.
18:24 of 3rd period - Shot Misses the Net.
18:26 of 3rd period - Snap shot by Mikhail Grabovski.
18:26 of 3rd period - Shot Blocked by Ryan Suter.
18:28 of 3rd period - Snap shot by Kyle Palmieri.
18:28 of 3rd period - Shot Blocked by Ryan Suter.
18:30 of 3rd period - Slapshot by Kyle Palmieri.
18:30 of 3rd period - Shot Misses the Net.
18:40 of 3rd period - Snap shot by Jakob Silfverberg.
18:40 of 3rd period - Stopped by Pekka Rinne without a rebound.
18:41 of 3rd period - Sean Couturier wins face-off versus Colin Wilson in Flames zone.
18:44 of 3rd period - Wrist shot by Alex Tanguay.
18:44 of 3rd period - Deflect By Sean Couturier.
18:44 of 3rd period - Shot Misses the Net.
18:44 of 3rd period - Puck is out of play.
18:45 of 3rd period - Alex Tanguay wins face-off versus Peter Prucha in Flames zone.
18:56 of 3rd period - Snap shot by Colin Wilson.
18:56 of 3rd period - Stopped by Frederik Andersen with a rebound.
18:58 of 3rd period - Slapshot by Steve Regier.
18:58 of 3rd period - Stopped by Frederik Andersen without a rebound.
18:59 of 3rd period - Eric Staal wins face-off versus Patrice Bergeron in Rangers zone.
19:10 of 3rd period - Snap shot by Milan Lucic.
19:10 of 3rd period - Shot Misses the Net.
19:12 of 3rd period - Wrist shot by Milan Lucic.
19:12 of 3rd period - Stopped by Pekka Rinne with a rebound.
19:14 of 3rd period - Slapshot by Jakob Silfverberg.
19:14 of 3rd period - Shot Misses the Net.
19:16 of 3rd period - Slapshot by Mark Fistric.
19:16 of 3rd period - Shot Misses the Net.
19:27 of 3rd period - Icing by Patrik Berglund.
19:28 of 3rd period - Sean Couturier wins face-off versus Patrik Berglund in Flames zone.
19:36 of 3rd period - Off-side.
19:37 of 3rd period - Patrice Bergeron wins face-off versus Eric Staal in neutral zone.
19:40 of 3rd period - Wrist shot by Patrice Bergeron.
19:40 of 3rd period - Shot Blocked by Tom Poti.
19:42 of 3rd period - Slapshot by Milan Lucic.
19:42 of 3rd period - Stopped by Pekka Rinne without a rebound.
19:43 of 3rd period - Patrice Bergeron wins face-off versus Eric Staal in Flames zone.
Goals for this period are 1 for Flames vs 5 for Rangers.
Shots for this period are 10 for Flames vs 16 for Rangers.
Back to the Top